 Dungeon Crawl Stone Soup version 0.10.2-40-g36e0077 character file.

11843 Venter the Severer (level 11, -1/84 HPs)
             Began as a Minotaur Fighter on Oct 2, 2012.
             Was a High Priest of Trog.
             Slain by a troll (2 damage)
             ... on Level 15 of the Dungeon.
             The game lasted 01:00:35 (9388 turns).

Venter the Severer (Minotaur Fighter)               Turns: 9388, Time: 01:00:35

HP  -1/84        AC 19     Str 27      XL: 11   Next: 62%
MP   3/3         EV  2     Int  6      God: Trog [*****.]
Gold 434         SH  0     Dex  9      Spells:  0 memorised, 10 levels left

Res.Fire  : . . .   See Invis. : +   V - +2,+1 battleaxe
Res.Cold  : . . .   Warding    : . . p - +1 orc plate armour
Life Prot.: + + +   Conserve   : .   (no shield)
Res.Acid. : . . .   Res.Corr.  : .   (helmet restricted)
Res.Poison: +       Clarity    : .   q - +2 elf cloak
Res.Elec. : .       Spirit.Shd : .   b - +2 pair of dwarf gauntlets {Str+3}
Sust.Abil.: . .     Stasis     : .   (no boots)
Res.Mut.  : .       Ctrl.Telep.: .   (no amulet)
Res.Rott. : +       Levitation : .   u - +5 ring of evasion
Saprovore : . . .   Ctrl.Flight: .   e - cursed ring of see invisible

@: petrified, exhausted, slowed, somewhat resistant to hostile enchantments,
extremely unstealthy
A: retaliatory headbutt, horns 2
a: Burn Spellbooks, Berserk, Trog's Hand, Brothers in Arms, Renounce Religion


You were on level 15 of the Dungeon.
You worshipped Trog.
Trog was exalted by your worship.
You were not hungry.

You visited 2 branches of the dungeon, and saw 16 of its levels.
You visited 1 portal chamber: sewer.

You collected 615 gold pieces.
You spent 201 gold pieces at shops.

Inventory:

Hand weapons
 a - a +1,+1 hand axe {=f}
 U - a +0,+1 anti-magic lajatang {god gift}
 V - a +2,+1 battleaxe (weapon)
 Z - a +4,+0 elven long sword of pain
Missiles
 g - 8 curare-tipped +3 needles
Armour
 b - a +2 pair of dwarven gauntlets of strength (worn)
 p - a +1 orcish plate armour (worn)
 q - a +2 elven cloak (worn)
 t - a +3 dwarven chain mail
Magical devices
 s - a wand of confusion (7)
 Q - a wand of polymorph other (1)
Comestibles
 d - 6 bread rations
 n - 2 meat rations
 R - a lemon
 X - 10 sultanas
Scrolls
 c - 3 scrolls of teleportation {unknown}
 j - 6 scrolls of enchant weapon I
 k - 5 scrolls of detect curse
 l - 6 scrolls of identify
 y - a scroll of enchant weapon III {unknown}
 A - 2 scrolls of enchant weapon II
 C - 3 scrolls of blinking {unknown}
 F - 5 scrolls of remove curse {unknown}
 G - a scroll of acquirement {unknown}
 J - a scroll of fear {unknown}
 K - a scroll of fog {unknown}
 L - 4 scrolls of curse armour {unknown}
 M - a scroll of recharging {unknown}
 O - a scroll of silence {unknown}
 P - 2 scrolls of random uselessness {unknown}
 S - a scroll of vorpalise weapon {unknown}
 T - a scroll of curse weapon {unknown}
 Y - 2 scrolls of immolation {unknown}
Jewellery
 e - a cursed ring of see invisible (left hand)
 o - an uncursed ring of protection from cold {unknown}
 u - a +5 ring of evasion (right hand)
 x - an uncursed amulet of faith {unknown}
 z - an uncursed ring of teleport control
 B - a cursed +2 ring of protection
 E - an uncursed amulet of faith {unknown}
 N - a cursed ring of levitation
Potions
 f - a potion of speed
 h - a potion of magic {unknown}
 i - a potion of brilliance {unknown}
 m - a potion of paralysis {unknown}
 r - 3 potions of heal wounds
 v - 2 potions of restore abilities {unknown}
 w - a potion of might
 D - 2 potions of poison {unknown}
 H - 6 potions of curing
 I - 2 potions of levitation {unknown}


   Skills:
 - Level 3,6 Fighting
 + Level 20,1 Axes
 - Level 3,6 Armour
 - Level 3,6 Shields
 - Level 1,3 Evocations


You had 10 spell levels left.
You didn't know any spells.

Dungeon Overview and Level Annotations

Branches:
Dungeon (15/27)            Temple (0/1) D:7             Orc (3/4) D:10
    Elf: Orc:3-4       Lair: D:8-13       Vault: D:14-19

Altars:
Nemelex Xobeh
The Shining One
Trog
Vehumet

Shops:
D:10: +% D:12: !+ Orc:2: [


Innate Abilities, Weirdness & Mutations

You reflexively headbutt those who attack you in melee.
You have a pair of horns on your head.


Message History

Your limbs are stiffening.
You miss the basilisk.
The basilisk is heavily wounded.
The basilisk gazes at you. You resist.
Unknown command.
You slice the basilisk!!
You kill the basilisk!
Trog accepts your kill.
You are no longer berserk.
Trog's vigour flows through your veins.
You are exhausted.
You feel yourself slow down. The troll bites you!
* * * LOW HITPOINT WARNING * * *
The troll claws you but does no damage. The troll barely misses you.
You have turned to stone.
The troll bites you but does no damage. The troll claws you but does no damage.
The troll claws you.
* * * LOW HITPOINT WARNING * * *
The troll bites you but does no damage. The troll claws you.
You die...

..##..........
#.##.########
#.##.# #.##.#
#.##.# #.##.#
#.#.#..# #.#T#..#
#.#@#..#
####.#T#..#######
#...............(
#.###..#.########
#. #..#.........
#...#..#.........
#........########
........#..$.#
..........#.#


You could see 2 trolls.

Vanquished Creatures
  A slime creature (D:15)
  2 hill giants (D:15)
  An unseen horror (D:12)
  Joseph (D:11)
  Urug (D:11)
  Maurice (D:11)
  A trapdoor spider (D:15)
  2 trolls (D:9)
  Sonja (D:11)
  A two-headed ogre (D:15)
  A basilisk (D:15)
  8 yaks
  A hippogriff (D:15)
  The ghost of Lumn the Ducker, an average SpGl of Okawaru (D:4)
  A war dog (D:9)
  A manticore (D:10)
  Purgy (Port)
  A centaur (D:6)
  2 orc warriors
  A phantom (D:5)
  2 ice beasts
  8 ogres
  A crocodile (D:11)
  Sigmund (D:4)
  2 big kobolds
  2 wargs (D:10)
  6 giant frogs
  2 water moccasins (D:9)
  A basilisk zombie (D:11)
  6 killer bees (D:11)
  A big kobold zombie (D:10)
  5 wights (D:9)
  9 hounds
  5 crimson imps
  A goliath beetle (D:9)
  7 orc priests
  8 spiders (D:11)
  11 orc wizards
  9 worker ants
  A hound zombie (D:8)
  3 scorpions
  A jelly (D:11)
  A hound skeleton (D:12)
  2 mummies
  13 gnolls
  7 adders
  12 white imps (D:11)
  3 giant mites
  2 worms
  2 giant eyeballs
  5 oozes
  42 orcs
  21 bats
  6 giant cockroaches
  2 hobgoblins
  14 jackals
  31 kobolds
  2 quokkas
  6 ball pythons
  5 giant geckos
  4 giant newts
  12 goblins
  A kobold skeleton (D:5)
  A kobold zombie (D:11)
  2 orc skeletons (D:12)
  An orc zombie (D:8)
  A quokka skeleton (D:9)
  17 rats
  A toadstool (D:1)
338 creatures vanquished.

Vanquished Creatures (others)
  An orc (D:4)
  5 toadstools
6 creatures vanquished.

Grand Total: 344 creatures vanquished

Notes
Turn   | Place    | Note
--------------------------------------------------------------
     0 | D:1      | Venter, the Minotaur Fighter, began the quest for the Orb.
     0 | D:1      | Reached XP level 1. HP: 19/19 MP: 0/0
   195 | D:1      | Reached XP level 2. HP: 26/26 MP: 0/0
   385 | D:1      | Reached skill level 4 in Axes
   572 | D:1      | Reached XP level 3. HP: 22/33 MP: 1/1
   838 | D:2      | Reached skill level 5 in Axes
  1568 | D:3      | Reached XP level 4. HP: 37/39 MP: 1/1
  1829 | D:3      | Reached skill level 6 in Axes
  1834 | D:3      | Reached XP level 5. HP: 40/46 MP: 1/1
  1923 | D:4      | Reached skill level 7 in Axes
  2184 | D:4      | Noticed Sigmund
  2329 | D:3      | Found a sparkling altar of Nemelex Xobeh.
  2382 | D:4      | Noticed Lumn's ghost (average SpGl)
  2427 | D:4      | Killed Lumn's ghost
  2427 | D:4      | Reached skill level 8 in Axes
  2427 | D:4      | Reached XP level 6. HP: 46/52 MP: 2/2
  2516 | D:4      | Paralysed by a giant eyeball for 4 turns
  2741 | D:4      | Killed Sigmund
  2741 | D:4      | Reached skill level 9 in Axes
  3018 | D:5      | Entered Level 5 of the Dungeon
  3049 | D:5      | Reached XP level 7. HP: 53/59 MP: 2/2
  3208 | D:5      | Found a bloodstained altar of Trog.
  3269 | D:5      | Became a worshipper of Trog the Wrathful
  3616 | D:6      | Reached skill level 10 in Axes
  3839 | D:6      | Acquired Trog's first power
  3869 | D:6      | Paralysed by a giant eyeball for 4 turns
  3883 | D:6      | Found a glowing drain. 3909
                  | sewer
                  | Entered the sewers 3973
                  | sewer
                  | Noticed Purgy 3980
                  | sewer
                  | Killed Purgy 3980
                  | sewer
                  | Reached skill level 11 in Axes 3980
                  | sewer
                  | Reached XP level 8. HP: 58/66 MP: 2/2
  4312 | D:7      | Acquired Trog's second power
  4312 | D:7      | Reached skill level 12 in Axes
  4526 | D:7      | Found a glowing golden altar of the Shining One.
  4948 | D:7      | Found a staircase to the Ecumenical Temple.
  5260 | D:8      | Reached XP level 9. HP: 72/72 MP: 3/3
  5621 | D:9      | Reached skill level 13 in Axes
  5918 | D:9      | Reached skill level 14 in Axes
  6506 | D:9      | Reached skill level 1 in Evocations
  6654 | D:10     | Entered Level 10 of the Dungeon
  6702 | D:10     | Found a staircase to the Orcish Mines.
  6885 | D:10     | Acquired Trog's third power
  6885 | D:10     | Reached skill level 15 in Axes
  6966 | D:10     | Found Buniykk's Food Shop.
  6975 | D:10     | Reached XP level 10. HP: 72/79 MP: 3/3
  7054 | D:10     | Found a radiant altar of Vehumet.
  7364 | D:10     | Found Klotzuff's Book Shop.
  7583 | Orc:1    | Entered Level 1 of the Orcish Mines
  7648 | Orc:2    | Found Bixutaich's Antique Armour Shop.
  7661 | Orc:2    | Bought a pair of glowing dwarven gauntlets for 51 gold pieces
  7937 | D:11     | Noticed Urug
  7938 | D:11     | Noticed Maurice
  7956 | D:11     | Reached skill level 16 in Axes
  7972 | D:11     | Killed Maurice
  7977 | D:11     | Killed Urug
  7986 | D:11     | Received a gift from Trog
  8050 | D:11     | Noticed Sonja
  8053 | D:11     | Reached skill level 17 in Axes
  8098 | D:11     | Killed Sonja
  8121 | D:11     | Found a frozen archway.
  8415 | D:11     | Noticed Joseph
  8430 | D:11     | Killed Joseph
  8612 | D:11     | Reached skill level 18 in Axes
  8620 | D:11     | Reached XP level 11. HP: 80/84 MP: 3/3
  8977 | D:12     | Found Khufid's Distillery.
  8984 | D:12     | Bought a potion of heal wounds for 45 gold pieces
  8984 | D:12     | Bought a potion of curing for 30 gold pieces
  8984 | D:12     | Bought a potion of heal wounds for 45 gold pieces
  8984 | D:12     | Bought a potion of curing for 30 gold pieces
  9062 | D:12     | Found Miang's Book Shoppe.
  9115 | D:12     | You fall through a shaft!
  9115 | D:15     | Entered Level 15 of the Dungeon
  9178 | D:15     | Reached skill level 19 in Axes
  9268 | D:15     | Received a gift from Trog
  9381 | D:15     | Reached skill level 20 in Axes
  9386 | D:15     | HP: 2/84 [troll (6)]
  9388 | D:15     | Slain by a troll
